 Dungeon Crawl Stone Soup version 0.30-a0-719-gcc4359ea44 (webtiles) character file.

Game seed: 18221740785890993248

15 M4edhros the Insei (level 2, 0/27 HPs)
             Began as an Octopode Transmuter on Jan 26, 2023.
             Slain by a hobgoblin (1 damage)
             ... on level 2 of the Dungeon.
             The game lasted 00:00:34 (588 turns).

M4edhros the Insei (Octopode Transmuter)             Turns: 588, Time: 00:00:35

Health: 0/27       AC: 21    Str:  9    XL:     2   Next: 50%
Magic:  5/5        EV:  2    Int: 15    God:
Gold:   122        SH:  0    Dex: 12    Spells: 4/5 levels left

rFire   . . .      SeeInvis .      - Unarmed
rCold   . . .      Faith    .    (no shield)
rNeg    . . .      Spirit   .    (helmet currently unavailable)
rPois   +          Reflect  .    (no amulet)
rElec   .          Harm     .    (no ring)
rCorr   .          Rampage  .    (no ring)
Will    .....      NoTele   +    (no ring)
Stlth   +                        (no ring)
HPRegen 0.24/turn                (no ring)
MPRegen 0.09/turn                (no ring)
                                 (no ring)
                                 (no ring)

@: tree-form
A: stationary, stasis, torment immunity, boosted hp, almost no armour,
(amphibious), 8 rings, (camouflage 1), (gelatinous body 1), (nimble swimmer 1),
(tentacles)
a: no special abilities


You were on level 2 of the Dungeon.
You were a tree.
You visited 1 branch of the dungeon, and saw 2 of its levels.

You collected 122 gold pieces.

Inventory:

Scrolls
 b - a scroll of blinking {unknown}
 c - 2 scrolls of teleportation {unknown}
 d - a scroll of enchant armour {unknown}
Potions
 e - 2 potions of degeneration {unknown}
 f - 2 potions of flight {unknown}


   Skills:
 + Level 1.3 Fighting
 + Level 2.2 Dodging
 * Level 3.3 Unarmed Combat
 - Level 2.0 Spellcasting
 + Level 2.2 Transmutations


You had 4 spell levels left.
You knew the following spells:

 Your Spells              Type           Power      Damage    Failure   Level
a - Beastly Appendage     Tmut           16%        N/A       9%          1

Your spell library contained the following spells:

 Spells                   Type           Power      Damage    Failure   Level
 Wereblood                Tmut           8%         N/A       14%         2
 Apportation              Tloc           2%         N/A       22%         1
 Lesser Beckoning         Tloc           2%         N/A       32%         2
 Spider Form              Tmut/Pois      4%         N/A       38%         3
 Gell's Gravitas          Tloc           1%         N/A       54%         3
 Teleport Other           Tloc           1%         N/A       54%         3
 Ice Form                 Ice/Tmut       4%         N/A       80%         4
 Alistair's Intoxication  Tmut/Pois      2%         N/A       98%         5


Dungeon Overview and Level Annotations

Branches:
Dungeon (2/15)

Altars:


Innate Abilities, Weirdness & Mutations

You are a tree.
Your roots penetrate the ground, keeping you stationary.
You cannot be teleported.
You are immune to unholy pain and torment.
Your maximum health is greatly increased.
You cannot wear most types of armour.
((You are amphibious.))
You can wear up to eight rings at the same time.
((Your skin changes colour to match your surroundings (Stealth+).))
((Your rubbery body absorbs attacks. (AC +1, EV +1)))
((You are camouflaged when in or above water. (Stealth+)))
((You have tentacles for arms and can constrict up to eight enemies at once.))


Message History

The bat completely misses you. The bat hits you. The bat misses you.
The hobgoblin misses you.
You tentacle-slap the bat.
You kill the bat!
The bat hits you. The hobgoblin hits you.
The ball python bites you but does no damage.
The ball python grabs you. The ball python constricts you.
You are too injured to fight recklessly!
You are too injured to fight recklessly!
You are too injured to fight recklessly!
You are too injured to fight recklessly!
You escape the ball python's grasp.
The bat attacks as you move away! The bat closely misses you. The bat hits you.
The bat closely misses you. The bat hits you but does no damage.
The bat misses you.
Okay, then.
You tentacle-slap the bat.
You kill the bat!
The bat misses you.
You barely miss the ball python. Your grab misses the ball python.
The bat closely misses you. The ball python barely misses you. x2
The bat closely misses you.
You tentacle-slap the ball python. You grab the ball python.
The ball python is severely wounded.
You constrict the ball python.
You kill the ball python!
The bat closely misses you. x2
You tentacle-slap the bat but do no damage.
Your grab misses the bat. Your squeeze misses the bat.
The bat barely misses you. The hobgoblin hits you.
* * * LOW HITPOINT WARNING * * *
You tentacle-slap the hobgoblin. Your grab misses the hobgoblin.
Your squeeze misses the hobgoblin.
The hobgoblin is moderately wounded.
The bat misses you. The hobgoblin hits you.
* * * LOW HITPOINT WARNING * * *
Really quaff the potion of lignification?
You turn into a tree.
Your roots penetrate the ground.
The bat barely misses you. The hobgoblin hits you.
You die...

#.............
#.............
#.............
#.$..........
#............
#...(........ #.†.#
###g###
#.######†♣b#######
#.....)...........
...#######.#########
................#
######.#....#...#
#.#.#.<..###
#.#.#..#..#
#.#.##.#..#
#.#....#....


You could see a hobgoblin and a bat.

Vanquished Creatures
  2 ball pythons (D:2)
  2 endoplasms (D:1)
  2 goblins (D:1)
  2 kobolds
  5 bats
13 creatures vanquished.

Notes
Turn   | Place    | Note
-------+----------+-------------------------------------------
     0 | D:1      | M4edhros the Octopode Transmuter began the quest for the
                  | Orb.
     0 | D:1      | Reached XP level 1. HP: 13/13 MP: 3/3
   310 | D:1      | Reached XP level 2. HP: 18/18 MP: 5/5
   588 | D:2      | Slain by a hobgoblin

Illustrated notes

Levels and vault maps discovered:
D:1:      giann_bridges, layout_basic
D:2:      layout_basic, minmay_misc_feat_chi

Action                     || total
---------------------------++-------
  Melee: Unarmed           ||    30
         Constrict         ||     6
         Tentacles         ||     3
         Punch             ||     1
    Use: Potion            ||     1
   Stab: Sleeping          ||     3
 Armour: Skin              ||    10
  Dodge: Dodged            ||    27

Table legend: (Time is in decaauts)
 A = Elapsed time spent in this place.
 B = Non-inter-level travel time spent in this place.
 C = Inter-level travel time spent in this place.
 D = Time resting spent in this place.
 E = Time spent auto-exploring this place.
 F = Levels seen in this place.
 G = Mean time per level.
                   A        B        C        D        E       F      G
               +--------+--------+--------+--------+--------+-----+--------+
         Total |    585 |    574 |     11 |      0 |    482 |   2 |  292.5 |
       Dungeon |    585 |    574 |     11 |      0 |    482 |   2 |  292.5 |
               +--------+--------+--------+--------+--------+-----+--------+

Top non-repeatable levels by time:
     D:1: 557 daAuts
     D:2: 28 daAuts
